 Dungeon Crawl Stone Soup version 0.24.0-37-gcf1ca852f1 (webtiles) character file.

Game seed: 591769534381882180, levelgen mode: deterministic

2 Ahmontep the Skirmisher (level 1, 0/18 HPs)
             Began as a Mummy Abyssal Knight on Dec 3, 2019.
             Was an Initiate of Lugonu.
             Slain by a goblin
             ... wielding a +0 dagger
              (3 damage)
             ... on level 1 of the Dungeon.
             The game lasted 00:01:23 (217 turns).

Ahmontep the Skirmisher (Mummy Abyssal Knight)       Turns: 217, Time: 00:01:24

Health: 0/18       AC:  3    Str: 15    XL:     1   Next: 33%
Magic:  2/2        EV: 11    Int: 11    God:    Lugonu [......]
Gold:   6          SH:  0    Dex: 11    Spells: 0/0 levels left

rFire    x . .     SeeInvis .   a - +1 mace
rCold    + . .     Gourm    .   (no shield)
rNeg     + + +     Faith    .   b - +0 leather armour
rPois    ∞         Spirit   .   (no helmet)
rElec    .         Reflect  .   (no cloak)
rCorr    .         Harm     .   (no gloves)
MR       .....                  (no boots)
Stlth    +.........             (no amulet)
HPRegen  0.06/turn              (no ring)
MPRegen  0.08/turn              (no ring)

@: no status effects
A: no food or potions, fire vulnerability, cold resistance 1, negative energy
resistance 3, torment resistance, unbreathing
a: Renounce Religion


You were on level 1 of the Dungeon.
You worshipped Lugonu.
Lugonu was noncommittal.
You were not hungry.

You visited 1 branch of the dungeon, and saw 1 of its levels.
You visited the Abyss 1 time.

You collected 6 gold pieces.

Inventory:

Hand Weapons
 a - a +1 mace (weapon)
Armour
 b - a +0 leather armour (worn)
Jewellery
 f - an uncursed amulet of the acrobat {unknown}
Scrolls
 c - a scroll of remove curse {unknown}
 d - a scroll of identify {unknown}
 e - a scroll of enchant weapon {unknown}


   Skills:
 - Level 3.0 Fighting
 - Level 1.5 Maces & Flails
 - Level 1.5 Armour
 - Level 0.7 Dodging
 + Level 1.9 Invocations


You couldn't memorise any spells.
You didn't know any spells.
Your spell library was empty.

Dungeon Overview and Level Annotations

Branches:
Dungeon (1/15)

Altars:


Innate Abilities, Weirdness & Mutations

You do not eat or drink.
Your flesh is vulnerable to fire.
You are immune to poison.
Your flesh is cold resistant. (rC+)
You are immune to negative energy. (rN+++)
You are immune to unholy pain and torment.
You can survive without breathing.


Message History

You hit the dart slug.
The dart slug is severely wounded.
The dart slug bites you.
* * * LOW HITPOINT WARNING * * *
The goblin hits you but does no damage.
You hit the dart slug but do no damage.
The dart slug is severely wounded.
The goblin barely misses you. The dart slug misses you.
You thump the dart slug!
You kill the dart slug!
Lugonu accepts your kill. The goblin hits you with a +0 dagger.
* * * LOW HITPOINT WARNING * * *
The goblin barely misses you.
Found 18 arrows and a scroll labeled TINACH HADI.
Found a ration and a scroll labeled DYSUBU USSIY.
You see here a dented malachite amulet.
f - a dented malachite amulet The goblin hits you with a +0 dagger.
You die...

#### ## #####.?( ..#
#.......#######.?..
.....###.......###..
...###......g@...%.#
#....<.#######.....
#.....### ... #....#
. #.... #... ..#.. .
.# ..


You could see a goblin.

Vanquished Creatures
  A dart slug (D:1)
1 creature vanquished.

Vanquished Creatures (others)
  11 starspawn tentacles (Abyss:1)
11 creatures vanquished.

Grand Total: 12 creatures vanquished

Notes
Turn   | Place    | Note
-------+----------+-------------------------------------------
     0 | Abyss:1  | Ahmontep the Mummy Abyssal Knight began the quest for the
                  | Orb.
     0 | Abyss:1  | Reached XP level 1. HP: 18/18 MP: 2/2
    65 | Abyss:1  | Noticed a wretched star
    65 | Abyss:1  | Noticed a large abomination
    80 | Abyss:1  | Found a transporter.
    80 | Abyss:1  | Noticed a wretched star
    81 | Abyss:1  | Found a transporter.
    81 | Abyss:1  | Noticed a hell hog
    81 | Abyss:1  | Noticed a shining eye
    81 | Abyss:1  | Noticed a tentacled starspawn
    82 | Abyss:1  | Found a corrupted altar of Lugonu.
    82 | Abyss:1  | Noticed a sea snake
    82 | Abyss:1  | Noticed a tentacled monstrosity
    83 | Abyss:1  | Noticed a silent spectre
    83 | Abyss:1  | Noticed a tentacled starspawn
    83 | Abyss:1  | Noticed a wretched star
    83 | Abyss:1  | Noticed a wind drake
    83 | Abyss:1  | a shining eye changed into a wind drake
    84 | Abyss:1  | Noticed a quasit
    85 | Abyss:1  | Noticed an eye of devastation
    85 | Abyss:1  | a sea snake changed into an eye of devastation
    86 | Abyss:1  | Noticed a swamp dragon
    86 | Abyss:1  | an eye of devastation changed into a swamp dragon
    87 | Abyss:1  | Noticed a death drake
    87 | Abyss:1  | a wind drake changed into a death drake
   166 | Abyss:1  | Noticed a tentacled starspawn
   203 | D:1      | Escaped the Abyss
   217 | D:1      | Slain by a goblin

Levels and vault maps discovered:
D:1:      dpeg_arrival_oval, layout_loops_ring, minmay_strange_pillars,
          corexii_corridor_pit, evilmike_ruin_ashenzari

Action                   || total
-------------------------++-------
Melee: Mace              ||     8
Invok: Depart the Abyss  ||     1
Armor: Leather armour    ||     4
Dodge: Dodged            ||    10
